 Dungeon Crawl Stone Soup version 0.29-a0-350-g7790a0e70a (webtiles) character file.

Game seed: 5806017199303332215

183 greenreed the Poker (level 5, -1/46 HPs)
             Began as a Minotaur Fighter on Apr 22, 2022.
             Succumbed to a gnoll's poison
             ... on level 3 of the Dungeon.
             The game lasted 00:08:02 (2882 turns).

greenreed the Poker (Minotaur Fighter)              Turns: 2882, Time: 00:08:04

Health: -1/46      AC:  7    Str: 23    XL:     5   Next: 35%
Magic:  4/4        EV:  9    Int:  5    God:
Gold:   195        SH:  5    Dex: 15    Spells: 4/4 levels left

rFire   . . .      SeeInvis .   a - +0 trident
rCold   . . .      Faith    .   c - +0 buckler
rNeg    . . .      Spirit   .   b - +0 scale mail
rPois   .          Reflect  .   (helmet restricted)
rElec   .          Harm     .   (no cloak)
rCorr   .          Rampage  .   (no gloves)
Will    .....                   (no boots)
Stlth   ..........              (no amulet)
HPRegen 0.15/turn               m - ring of flight
MPRegen 0.09/turn               d - +6 ring of dexterity

@: lethally poisoned (-1 -> -22), flying
A: horns 2, retaliatory headbutt
a: no special abilities


You were on level 3 of the Dungeon.
You visited 1 branch of the dungeon, and saw 4 of its levels.

You collected 195 gold pieces.

Inventory:

Hand Weapons
 a - a +0 trident (weapon)
 h - a +0 hunting sling
Missiles
 o - 4 poisoned darts (quivered)
Armour
 b - a +0 scale mail (worn)
 c - a +0 buckler (worn)
Jewellery
 d - a +6 ring of dexterity (right hand)
 m - a ring of flight (left hand)
Scrolls
 e - a scroll of summoning {unknown}
 f - a scroll of vulnerability {unknown}
 j - a scroll of acquirement {unknown}
 k - 2 scrolls of identify {unknown}
 l - a scroll of immolation {unknown}
 n - a scroll of enchant armour {unknown}
 p - a scroll of noise {unknown}
 q - 2 scrolls of teleportation {unknown}
 s - a scroll of holy word {unknown}
 u - a scroll of fog {unknown}
Potions
 g - 2 potions of curing {unknown}
 i - a potion of ambrosia {unknown}
 r - a potion of degeneration {unknown}
 t - a potion of cancellation {unknown}
 v - a potion of mutation {unknown}


   Skills:
 + Level 4.3 Fighting
 * Level 5.3 Polearms
 + Level 4.5 Armour
 + Level 0.9 Dodging
 + Level 4.0 Shields


You had 4 spell levels left.
You didn't know any spells.
Your spell library contained the following spells:

 Spells                   Type           Power      Damage    Failure   Level
 Magic Dart               Conj           0%         1d3       86%         1
 Call Imp                 Summ           0%         N/A       95%         2
 Mephitic Cloud           Conj/Pois/Air  0%         N/A       99%         3


Dungeon Overview and Level Annotations

Branches:
Dungeon (4/15)
 Temple: D:4-7

Altars:
Gozag
Xom
The Shining One


Innate Abilities, Weirdness & Mutations

You have a pair of horns on your head.
You reflexively headbutt those who attack you in melee.


Message History

The gnoll is severely wounded.
You feel very sick.
The gnoll hits you from afar with a +2 spear of venom.
You are more poisoned.
The gnoll closely misses you.
You reach to attack!
You closely miss the gnoll.
The gnoll is severely wounded.
You feel very sick.
The gnoll hits you from afar with a +2 spear of venom!
Reach: a) +0 trident
Press: ? - help, Dir - move target, f/p - gnoll
Aim: a gnoll, wielding a +2 spear of venom (severely wounded, about 35% to evade your +0 trident)
You reach to attack!
You barely miss the gnoll.
The gnoll is severely wounded.
* * * LOW HITPOINT WARNING * * *
You feel very sick. The gnoll completely misses you.
Reach: a) +0 trident
Press: ? - help, Dir - move target, f/p - gnoll
Aim: a gnoll, wielding a +2 spear of venom (severely wounded, about 35% to evade your +0 trident)
You reach to attack!
You barely miss the gnoll.
The gnoll is severely wounded.
* * * LOW HITPOINT WARNING * * *
You feel very sick. The gnoll hits you but does no damage.
Reach: a) +0 trident
Press: ? - help, Dir - move target, f/p - gnoll
Aim: a gnoll, wielding a +2 spear of venom (severely wounded, about 35% to evade your +0 trident)
You reach to attack!
You hit the gnoll but do no damage.
The gnoll is severely wounded.
You feel sick.
The gnoll hits you from afar with a +2 spear of venom.
* * * LOW HITPOINT WARNING * * *
You are more poisoned.
Reach: a) +0 trident
Press: ? - help, Dir - move target, f/p - gnoll
Aim: a gnoll, wielding a +2 spear of venom (severely wounded, about 35% to evade your +0 trident)
You reach to attack!
You hit the gnoll.
You kill the gnoll!
You die...

.# ##...## #.#
<#####.....#######
#.#
.................#
#.##
)#####.....#####.####
#..# )#
##.............####.#
[##
########........##.#
).# #........##.##
..# #........÷..[#
..###.##
##..@.....##..#
........
.............##..#
..###.##
#.##..#)##.####..#
....#
...............#
..#.#
###..#....#####.#
..#.# #.......# #.#
..#.#.#
#.......#####.#
......#
#........†....#
>.#.###
#.#.....#######


There were no monsters in sight!

Vanquished Creatures
  An orc wizard (D:3)
  5 adders
  4 gnolls (D:3)
  A worm (D:3)
  2 dart slugs (D:3)
  8 orcs
  9 bats
  10 endoplasms
  3 giant cockroaches
  3 goblins
  5 hobgoblins
  5 kobolds
  3 quokkas
  4 ball pythons
  A frilled lizard (D:1)
  6 rats
70 creatures vanquished.

Notes
Turn   | Place    | Note
-------+----------+-------------------------------------------
     0 | D:1      | greenreed the Minotaur Fighter began the quest for the Orb.
     0 | D:1      | Reached XP level 1. HP: 19/19 MP: 0/0
   303 | D:1      | Reached XP level 2. HP: 27/27 MP: 1/1
   782 | D:1      | Reached skill level 3 in Polearms
   834 | D:1      | Found a faded altar of an unknown god.
  1168 | D:2      | Reached XP level 3. HP: 33/33 MP: 2/2
  1538 | D:2      | Reached skill level 4 in Polearms
  1539 | D:2      | Reached XP level 4. HP: 36/40 MP: 3/3
  1588 | D:2      | Found an opulent altar of Gozag.
  1873 | D:3      | HP: 2/40 [orc/+0 war axe (8)]
  2187 | D:4      | Found a glowing golden altar of the Shining One.
  2228 | D:3      | Reached skill level 5 in Polearms
  2228 | D:3      | Reached XP level 5. HP: 46/46 MP: 4/4
  2500 | D:3      | Found a shimmering altar of Xom.
  2882 | D:3      | Succumbed to a gnoll's poison

Illustrated notes

Levels and vault maps discovered:
D:1:      tarquinn_simple_flora_water_f, layout_loops_ring,
          shapermc_ecumenical_altar_acropolis
D:2:      layout_loops_cross, basic_altar, minmay_misc_feat_four_crosses
D:3:      layout_loops_ring, brannock_xom_greatest_gift
D:4:      layout_cave_pods, nicolae_tso_carved_into_rock

Skill      XL: |  1  2  3  4 |
---------------+-------------+-----
Armour         | 4 |  4.5
Polearms       | 3 4 5 |  5.3
Fighting       | 4 |  4.3
Shields        | 4 |  4.0
Dodging        | |  0.9

Action                   |  1- 3 |  4- 6 || total
-------------------------+-------+-------++-------
Melee: Trident           |    89 |    98 ||   187
       Headbutt          |     9 |     7 ||    16
Throw: Dart              |     1 |     1 ||     2
  Use: Potion            |       |     1 ||     1
Armor: Scale mail        |    32 |    18 ||    50
Dodge: Dodged            |    30 |    38 ||    68
Block: Buckler           |    12 |    12 ||    24

Table legend: (Time is in decaauts)
 A = Elapsed time spent in this place.
 B = Non-inter-level travel time spent in this place.
 C = Inter-level travel time spent in this place.
 D = Time resting spent in this place.
 E = Time spent auto-exploring this place.
 F = Levels seen in this place.
 G = Mean time per level.
                   A        B        C        D        E       F      G
               +--------+--------+--------+--------+--------+-----+--------+
         Total |   2908 |   2841 |     67 |    263 |   2098 |   4 |  727.0 |
       Dungeon |   2908 |   2841 |     67 |    263 |   2098 |   4 |  727.0 |
               +--------+--------+--------+--------+--------+-----+--------+

Top non-repeatable levels by time:
     D:1: 1103 daAuts
     D:2: 758 daAuts
     D:3: 718 daAuts
     D:4: 328 daAuts
